 Dungeon Crawl Stone Soup version 0.28.0 (webtiles) character file.

Game seed: 14645351294370220849

30 sanka the Magician (level 3, -3/20 HPs)
             Began as a Deep Elf Transmuter on Feb 8, 2022.
             Slain by a gnoll (8 damage)
             ... on level 2 of the Dungeon.
             The game lasted 00:02:18 (1881 turns).

sanka the Magician (Deep Elf Transmuter)            Turns: 1881, Time: 00:02:18

Health: -3/20      AC:  5    Str:  7    XL:     3   Next: 5%
Magic:  9/11       EV: 12    Int: 19    God:
Gold:   40         SH:  0    Dex: 15    Spells: 8/12 levels left

rFire   . . .      SeeInvis .     - Unarmed
rCold   . . .      Faith    .   (no shield)
rNeg    . . .      Spirit   .   a - +0 robe
rPois   .          Reflect  .   e - +2 hat
rElec   .          Harm     .   (no cloak)
rCorr   .          Rampage  .   (no gloves)
Will    .....                   d - +0 pair of boots
Stlth   +.........              (no amulet)
HPRegen 0.06/turn               (no ring)
MPRegen 0.12/turn               (no ring)

@: no status effects
A: no striking features
a: no special abilities


You were on level 2 of the Dungeon.
You visited 1 branch of the dungeon, and saw 2 of its levels.

You collected 40 gold pieces.

Inventory:

Armour
 a - a +0 robe (worn)
 d - a +0 pair of boots (worn)
 e - a +2 hat (worn)
Scrolls
 f - a scroll of enchant armour {unknown}
 i - a scroll of vulnerability {unknown}
Potions
 c - a potion of might {unknown}
 g - a potion of mutation {unknown}
 h - a potion of berserk rage {unknown}
 j - a potion of flight {unknown}


   Skills:
 - Level 0.7 Fighting
 - Level 2.4 Dodging
 - Level 2.4 Unarmed Combat
 + Level 5.0 Spellcasting
 - Level 2.1 Transmutations


You had 8 spell levels left.
You knew the following spells:

 Your Spells              Type           Power      Damage    Failure   Level
a - Beastly Appendage     Tmut           26%        N/A       4%          1
b - Spider Form           Tmut/Pois      8%         N/A       24%         3

Your spell library contained the following spells:

 Spells                   Type           Power      Damage    Failure   Level
 Wereblood                Tmut           13%        N/A       8%          2
 Animate Skeleton         Necr           8%         N/A       12%         1
 Pain                     Necr           16%        1d4       12%         1
 Vampiric Draining        Necr           4%         2d6       36%         3
 Ice Form                 Ice/Tmut       8%         N/A       61%         4


Dungeon Overview and Level Annotations

Branches:
Dungeon (2/15)

Altars:

Shops:
D:1 [

Annotations:
D:2 Natasha


Message History

Casting: Spider Form (extremely dangerous; 24% risk of failure)
Confirm with . or Enter, or press ? or * to list all spells.
You don't know that spell.
Casting: Spider Form (extremely dangerous; 24% risk of failure)
Confirm with . or Enter, or press ? or * to list all spells.
The spell is extremely dangerous to miscast (24% risk of failure)!
Continue anyway?
You turn into a venomous arachnid creature.
Your +2 hat melds into your body.
Your +0 pair of boots melds into your body.
Your +0 robe melds into your body.
A gnoll comes into view. It is wielding a +0 whip.
Found 22 stones.
The gnoll shouts!
You hear an angry hiss.
A gnoll comes into view. It is wielding a +0 whip.
Your transformation is almost over.
The gnoll shouts!
Found a stone staircase leading down.
You hit the gnoll but do no damage. The gnoll misses you.
You barely miss the gnoll. You hit the gnoll.
The gnoll is poisoned.
The gnoll is lightly wounded.
You barely miss the gnoll.
The gnoll is lightly wounded.
The gnoll hits you with a +0 whip. The gnoll barely misses you.
You hit the gnoll.
The gnoll looks as sick as possible!
The gnoll is moderately wounded.
The gnoll misses you. The gnoll hits you with a +0 whip!
You hit the gnoll.
The gnoll looks as sick as possible!
The gnoll is heavily wounded.
The gnoll closely misses you. x2; The gnoll barely misses you.
You hit the gnoll.
The gnoll is lightly wounded.
Your transformation has ended.
Your +2 hat unmelds from your body.
Your +0 pair of boots unmelds from your body.
Your +0 robe unmelds from your body.
The gnoll hits you from afar with a +0 spear.
* * * LOW HITPOINT WARNING * * *
The gnoll barely misses you. The gnoll hits you with a +0 whip!
You die...

#.###+#..# .># #........#
.......#.# #........#####
......g#.#.#.............
.....(.#.#.#.###.#...####
...g...#.#.#.###.#...#
......g#.#.#.....#...#
.......#.#.#.....#...#
.......#@#.##....#...####
......ggg#...............
............########.###.
............'........# #.
.######.....############.
######...).......#.
#.#..######.#. #.#.....#
#.#. ######.#.###.# #.#.


You could see 3 gnolls.

Vanquished Creatures
  An adder (D:2)
  A dart slug (D:1)
  3 endoplasms
  A giant cockroach (D:2)
  A goblin (D:2)
  3 kobolds (D:1)
  A ball python (D:1)
  3 bats (D:1)
  2 frilled lizards (D:1)
  5 rats
21 creatures vanquished.

Notes
Turn   | Place    | Note
-------+----------+-------------------------------------------
     0 | D:1      | sanka the Deep Elf Transmuter began the quest for the Orb.
     0 | D:1      | Reached XP level 1. HP: 11/11 MP: 6/6
   483 | D:1      | Found Ewujopl Rimp's Antique Armour Emporium.
   742 | D:1      | Reached skill level 4 in Spellcasting
   742 | D:1      | Reached XP level 2. HP: 16/16 MP: 7/9
  1184 | D:2      | Noticed Natasha
  1625 | D:2      | Reached skill level 5 in Spellcasting
  1625 | D:2      | Reached XP level 3. HP: 13/20 MP: 9/11
  1818 | D:2      | Learned a level 3 spell: Spider Form
  1881 | D:2      | Slain by a gnoll

Illustrated notes

Levels and vault maps discovered:
D:1:      dpeg_arrival_three_same_balls, layout_rooms, serial_shops, shop,
          serial_forest, infiniplex_forest_lined_2, infiniplex_forest_3_way,
          infiniplex_forest_straight_3, infiniplex_forest_lined_3_way,
          infiniplex_forest_end_2, infiniplex_forest_straight_2,
          infiniplex_forest_lined_room_3, infiniplex_forest_end_2,
          minmay_heptomino_d4
D:2:      layout_basic, dreamdust_ecumenical_altar_statues,
          kennysheep_cross_room, minivault_25, uniq_natasha, uniq_robin

Skill      XL: |  1  2 |
---------------+-------+-----
Spellcasting   | 4 5 |  5.0
Fighting       | |  0.7
Dodging        | |  2.4
Unarmed Combat | |  2.4
Transmutations | |  2.1

Action                   || total
-------------------------++-------
Melee: Unarmed           ||    69
       Kick              ||    13
       Headbutt          ||     9
       Punch             ||     2
 Cast: Beastly Appendage ||    15
       Spider Form       ||     1
  Use: Potion            ||     1
 Stab: Sleeping          ||     1
Armor: Robe              ||    16
Dodge: Dodged            ||    45
